 Dungeon Sprint DCSS version 0.23.0-38-g208d714 (webtiles) character file.

Game seed: 11161125574482952917

2809 Fang the Fighter (level 9, 0/97 HPs)
             Began as a Gargoyle Berserker on Feb 27, 2019.
             Was a High Priest of Trog.
             Killed by divine providence
             ... invoked by a smoke demon
             ... summoned by a deep elf mage
              (8 damage)
             ... in the Dungeon (Sprint V: "Ziggurat Sprint").
             The game lasted 00:02:17 (1058 turns).

Fang the Fighter (Gargoyle Berserker)               Turns: 1058, Time: 00:02:17

Health: 0/97       AC: 40    Str: 40    XL:     9   Next: 72%
Magic:  9/9        EV: 13    Int: 12    God:    Trog [*****.]
Gold:   0          SH:  0    Dex: 11    Spells: 8/8 levels left

rFire    . . .     SeeInvis .   k - +5 executioner's axe
rCold    . . .     Gourm    +   (shield currently unavailable)
rNeg     + . .     Faith    .   j - +15 Maxwell's patent armour {-Cast -Tele rElec MR+ rCorr}
rPois    ∞         Spirit   .   a - +2 helmet {Int+3}
rElec    +         Reflect  .   (no cloak)
rCorr    +         Harm     .   (no gloves)
MR       +....     NoTele   +   (no boots) Stlth ..........NoCast +
                                B - amulet of Jealousy {Gourm Dex+2}
HPRegen  0.26/turn              D - +6 ring of strength
MPRegen  0.11/turn              E - +6 ring of strength

@: berserking, flying (expiring), starving, very quick
A: negative energy resistance 1, electricity resistance, unbreathing,
petrification resistance, rot immunity, AC +6
a: Berserk, Trog's Hand, Brothers in Arms, Renounce Religion


You were in the Dungeon.
You worshipped Trog.
Trog was extremely pleased with you.
You were starving.

You visited 1 branch

Inventory:

Hand Weapons
 k - a +5 executioner's axe (weapon)
Missiles
 b - 3 javelins of penetration (quivered)
Armour
 a - a +2 helmet of intelligence (worn)
 j - the +15 Maxwell's patent armour (worn) {-Cast -Tele rElec MR+ rCorr}
   (You found it in the Dungeon)

   It insulates you from electricity.
   It affects your resistance to hostile enchantments.
   It prevents spellcasting.
   It prevents most forms of teleportation.
   It provides partial protection from all sources of acid and corrosion.
Jewellery
 z - the ring of Xaecsyxe {rElec MR+ Int-5 Dex+2 Slay+5}
   (You found it in the Dungeon)

   [ring of protection from magic]

   It affects your intelligence (-5).
   It affects your dexterity (+2).
   It affects your accuracy and damage with ranged weapons and melee attacks
   (+5).
   It insulates you from electricity.
   It affects your resistance to hostile enchantments.
 B - the amulet of Jealousy (around neck) {Gourm Dex+2}
   (You found it in the Dungeon)

   [amulet of the gourmand]

   It allows you to eat raw meat even when not hungry.
   It affects your dexterity (+2).
 D - a +6 ring of strength (left hand)
 E - a +6 ring of strength (right hand)
Wands
 w - a wand of disintegration (7)
 x - a wand of iceblast (7)
 y - a wand of acid (7)
Scrolls
 i - 4 scrolls of blinking
 l - 7 scrolls of fog
 m - a scroll of holy word
 n - 5 scrolls of identify
 o - 5 scrolls of remove curse
 p - 2 scrolls of fear
 A - 4 scrolls of enchant armour
Potions
 d - 10 potions of curing
 e - 9 potions of heal wounds
 f - 6 potions of haste
 g - 7 potions of magic
 h - 3 potions of berserk rage
 q - 2 potions of brilliance
 r - 2 potions of invisibility
 s - 4 potions of resistance
 t - a potion of experience
 u - 5 potions of agility
 v - 5 potions of might
Comestibles
 c - 7 rations


   Skills:
 + Level 12.3 Fighting
 + Level 10.5 Axes
 + Level 12.1 Armour
 + Level 9.5 Dodging


You had 8 spell levels left.
You didn't know any spells.
Your spell library was empty.

Dungeon Overview and Level Annotations

Branches:
Dungeon (1/1)

Altars:
Ashenzari
Cheibriados
Dithmenos
Elyvilon
Fedhas
Gozag
Hepliaklqana
Kikubaaqudgha
Makhleb
Nemelex Xobeh
Okawaru
Qazlal
Ru
Sif Muna
Trog
Uskayaw
Vehumet
Wu Jian
Xom
Yredelemnul
Zin
The Shining One
Beogh
Jiyva
Lugonu

Annotations:
D 1 transporter


Innate Abilities, Weirdness & Mutations

You are resistant to torment.
Your stone body is resilient. (AC +6)
You are immune to poison.
You resist negative energy. (rN+)
You are resistant to electric shocks. (rElec)
You can survive without breathing.
You are immune to petrification.
You are immune to rotting.


Message History

You fly up into the air.
* * * LOW HITPOINT WARNING * * *
The air elemental hits you but does no damage. x2
The neqoxec hits you but does no damage.
The +2 halberd of chopping hits you but does no damage.
You closely miss the deep elf mage.
The deep elf mage is severely wounded.
You closely miss the neqoxec. You barely miss the air elemental.
You are engulfed in raging winds.
* * * LOW HITPOINT WARNING * * *
The air elemental hits you but does no damage.
The air elemental completely misses you.
The neqoxec closely misses you.
The deep elf mage hits you but does no damage.
The air elemental barely misses you.
The +2 halberd of chopping hits you from afar!
* * * LOW HITPOINT WARNING * * *
x2 The smoke demon gestures at you.
Something smites you!
You die...

▓.▓...▓.▓
▓...©...▓
▓▓▓▓▓▓▓▓▓
▓..8©8..▓
▓..[):..▓
▓..:}[..▓
▓☼§§§§§§▓
▓§§3§§§§▓
▓§§e@§§§▓
▓§§3E4§§▓
▓§▓§(§▓§▓
▓.§§§§§§▓
▓▓▓▓▓▓▓▓▓


You could see a rust devil, a deep elf mage, a smoke demon, an air elemental, a
neqoxec and a +2 halberd of chopping.

Vanquished Creatures
  2 deep elf magi (D)
  A wolf spider (D)
  2 merfolk (D)
  A raiju (D)
  A golden eye (D)
  A hell hound (D)
  A necrophage (D)
  2 phantoms (D)
  5 scorpions (D)
  A quasit (D)
  2 jellies (D)
  A shadow imp (D)
  2 ufetubi (D)
  An ooze (D)
  An adder zombie (D)
  An adder skeleton (D)
  A bat skeleton (D)
26 creatures vanquished.

Vanquished Creatures (others)
  A deep elf knight (D)
1 creature vanquished.

Grand Total: 27 creatures vanquished

Notes
Turn   | Place    | Note
-------+----------+-------------------------------------------
     0 | D        | Found the +6 Majin-Bo {vamp, Archmagi MP+6 Int+6}
     0 | D        | Found the +7 great mace "Firestarter" {inner flame, rF++}
     0 | D        | Fang the Gargoyle Berserker began the quest for the Orb.
     0 | D        | Reached XP level 1. HP: 14/14 MP: 1/1
     2 | D        | Found a blossoming altar of Fedhas.
     3 | D        | Found a viscous altar of Jiyva.
     3 | D        | Found a hazy altar of Hepliaklqana.
     3 | D        | Found a transporter.
     3 | D        | Found an opulent altar of Gozag.
     3 | D        | Found an ancient bone altar of Kikubaaqudgha.
     3 | D        | Found a corrupted altar of Lugonu.
     9 | D        | Found a burning altar of Makhleb.
    11 | D        | Found an iron altar of Okawaru.
    11 | D        | Found a sparkling altar of Nemelex Xobeh.
    11 | D        | Found a stormy altar of Qazlal.
    11 | D        | Found a sacrificial altar of Ru.
    11 | D        | Found a deep blue altar of Sif Muna.
    15 | D        | Found the +9 heavy crossbow "Sniper" {velocity, Acc+∞ SInv}
    15 | D        | Found the +10 dark maul {crush}
    15 | D        | Found the +15 Maxwell's patent armour {-Cast -Tele rElec
                  | MR+ rCorr}
    15 | D        | Found the +18 shield of the Gong {rElec rN+ MR+ EV-5}
    15 | D        | Found the cursed +14 obsidian axe {chop, +Fly SInv *Curse}
    29 | D        | Found a bloodstained altar of Trog.
    72 | D        | Entered arena 2.
    72 | D        | Noticed a merfolk
    72 | D        | Noticed a merfolk
    72 | D        | Found a transporter.
    86 | D        | Killed a merfolk
    86 | D        | Reached skill level 5 in Dodging
    86 | D        | Reached XP level 2. HP: 17/24 MP: 2/2
    86 | D        | Reached XP level 3. HP: 20/28 MP: 3/3
    86 | D        | Reached XP level 4. HP: 24/34 MP: 4/4
    86 | D        | Reached XP level 5. HP: 27/38 MP: 5/5
    86 | D        | Reached XP level 6. HP: 32/44 MP: 6/6
    88 | D        | Killed a merfolk
   333 | D        | Entered arena 3.
   333 | D        | Noticed a hell hound
   333 | D        | Found a transporter.
   335 | D        | Killed a hell hound
   335 | D        | Reached ** piety under Trog
   335 | D        | Reached XP level 7. HP: 50/50 MP: 7/7
   345 | D        | Entered arena 4.
   345 | D        | Noticed a raiju
   345 | D        | Found a transporter.
   346 | D        | Killed a raiju
   347 | D        | Reached *** piety under Trog
   368 | D        | Entered arena 5.
   368 | D        | Noticed a golden eye
   368 | D        | Found a transporter.
   371 | D        | Reached **** piety under Trog
   830 | D        | Killed a golden eye
   830 | D        | Received a gift from Trog
   830 | D        | Reached skill level 10 in Fighting
   830 | D        | Reached XP level 8. HP: 57/57 MP: 8/8
   874 | D        | Entered arena 6.
   874 | D        | Found a transporter.
   875 | D        | Found the +6 lightning scales {run, rElec}
   877 | D        | Received a gift from Trog
   881 | D        | Reached ***** piety under Trog
   881 | D        | Reached skill level 10 in Armour
   889 | D        | Got the ring of Xaecsyxe {rElec MR+ Int-5 Dex+2 Slay+5}
   908 | D        | Entered arena 7.
   908 | D        | Noticed a wolf spider
   909 | D        | Found the +9 staff of Olgreb {rPois}
   909 | D        | Found a transporter.
   913 | D        | Received a gift from Trog
   916 | D        | Killed a wolf spider
   916 | D        | Reached XP level 9. HP: 37/64 MP: 9/9
   984 | D        | Got the amulet of Jealousy {Gourm Dex+2}
  1047 | D        | Entered arena 8.
  1047 | D        | Noticed a +2 halberd of chopping
  1047 | D        | Noticed a deep elf mage
  1047 | D        | Noticed a deep elf mage
  1047 | D        | Noticed a deep elf knight
  1047 | D        | Noticed a deep elf mage
  1048 | D        | Found a transporter.
  1054 | D        | Noticed a rust devil
  1056 | D        | Noticed a smoke demon
  1057 | D        | Killed a deep elf mage
  1057 | D        | Reached skill level 10 in Axes
  1057 | D        | Killed a deep elf mage
  1057 | D        | Killed a deep elf knight
  1058 | D        | Killed from afar by a smoke demon

Skill      XL: |  1  2  3  4  5  6  7  8  9 |
---------------+----------------------------+-----
Fighting       | 7 8 10 11 12 | 12.3
Axes           | 6 7 8 9 10 | 10.5
Armour         | 6 8 9 11 12 | 12.1
Dodging        | 5 6 7 8 9 |  9.5

Action                   |  1- 3 |  4- 6 |  7- 9 || total
-------------------------+-------+-------+-------++-------
Melee: Executioner's axe |     7 |     4 |    65 ||    76
Invok: Berserk           |     1 |       |     1 ||     2
  Use: Potion            |     1 |       |       ||     1
Armor: Plate armour      |    16 |     6 |   115 ||   137
Dodge: Dodged            |     4 |     3 |    69 ||    76
